[Event "Titled Tuesday Blitz November 29 Late 2022"]
[White "Leebit02"]
[Black "Maatman, Nick"]
[BlackFideId "1040391"]
[WhiteElo "2307"]
[BlackElo "2655"]
[Result "1/2-1/2"]
[Round "01"]
[TimeControl "180+1"]
[Date "2022.11.30"]
[WhiteClock "0:00:18"]
[BlackClock "0:00:16"]

1. e4 e6 2. d4 d5 3. e5 c5 4. c3 Qb6 5. Nf3 Nc6 6. Bd3 cxd4 7. O-O Bd7 8. Re1 Nge7 9. a3 a6 10. b4 dxc3 11. Nxc3 Ng6 12. b5 Nd4 13. bxa6 Nxf3+ 14. Qxf3 bxa6 15. Be3 Bc5 16. Rab1 Qa7 17. Bxc5 Qxc5 18. Bxg6 hxg6 19. Ne2 O-O 20. h4 Bb5 21. Nf4 Rac8 22. h5 Qc3 23. Qg4 Bd3 24. Re3 Qc2 25. Rbe1 Bf5 26. Qg5 Rc4 27. h6 Rfc8 28. hxg7 Kxg7 29. Nh5+ Kf8 30. Nf6 Qd2 31. Qh6+ Ke7 32. Qg5 Kf8 33. Qh6+ Ke7 34. Qg5 Kf8 1/2-1/2


[Site "https://www.chess.com"]

[Event "Titled Tuesday Blitz November 29 Late 2022"]
[White "Li, Xueyi"]
[Black "Rorrer, Grayson"]
[WhiteFideId "8605912"]
[BlackFideId "30944996"]
[WhiteElo "2197"]
[BlackElo "2130"]
[Result "0-1"]
[Round "01"]
[TimeControl "180+1"]
[Date "2022.11.30"]
[WhiteClock "0:00:04"]
[BlackClock "0:00:06"]

1. d4 Nf6 2. c4 e6 3. g3 Bb4+ 4. Bd2 a5 5. Bg2 d6 6. Nf3 Nbd7 7. O-O e5 8. dxe5 dxe5 9. Bg5 O-O 10. a3 Bd6 11. Nc3 h6 12. Be3 Re8 13. Nb5 Bf8 14. h3 c6 15. Nd6 Re6 16. Nxc8 Qxc8 17. Qc2 a4 18. Rad1 Bc5 19. Bxc5 Nxc5 20. Ne1 Qc7 21. Nd3 Nfd7 22. h4 Nxd3 23. Rxd3 Nc5 24. Rdd1 g6 25. h5 Kg7 26. hxg6 fxg6 27. Qc3 Rd8 28. Bh3 Ree8 29. Qc2 Rf8 30. Qc3 Qe7 31. Qb4 Kh7 32. Rxd8 Rxd8 33. Bg2 Kg7 34. Qc3 Rd4 35. Qc2 Qd6 36. Qc3 Rd2 37. e3 Rd3 38. Qa5 e4 39. Qa8 Qd8 40. Qa7 Qe7 41. Qb8 Qd6 42. Qc8 Qd7 43. Qa8 Qc7 44. Bh3 Rd8 45. Qa7 Qe5 46. Qb6 Rd2 47. Rc1 Rxb2 48. Qd8 Kf7 49. Rd1 Qe7 50. Qc8 Nd3 51. Bg2 Rb3 52. Bxe4 Qxe4 53. Qd7+ Kf6 54. Qd8+ Qe7 55. Qd4+ Ne5 56. f4 Rxa3 57. fxe5+ Qxe5 58. Rf1+ Ke6 59. Qg4+ Ke7 60. Rd1 Qxe3+ 61. Kg2 Ra2+ 62. Kh3 Qe6 63. Qxe6+ Kxe6 64. Re1+ Kf6 65. Rf1+ Kg5 0-1


[Site "https://www.chess.com"]

[Event "Titled Tuesday Blitz November 29 Late 2022"]
[White "Lopez Mulet, Inigo"]
[Black "Melkumyan, Hrant"]
[WhiteFideId "22235620"]
[BlackFideId "13302485"]
[WhiteElo "2499"]
[BlackElo "2921"]
[Result "0-1"]
[Round "01"]
[TimeControl "180+1"]
[Date "2022.11.30"]
[WhiteClock "0:01:08"]
[BlackClock "0:00:16"]

1. d4 Nf6 2. c4 g6 3. f3 Bg7 4. e4 d6 5. Nc3 a6 6. Be3 O-O 7. Qd2 c5 8. Nge2 Nc6 9. d5 Ne5 10. Ng3 b5 11. cxb5 axb5 12. Bxb5 Ba6 13. Qe2 Bxb5 14. Nxb5 Qa5+ 15. Bd2 Qa4 16. Nc3 Qc4 17. O-O Rfb8 18. Rfb1 Nfd7 19. Be1 Nd3 20. Nf1 Qd4+ 21. Kh1 Nxe1 22. Qxe1 Ne5 23. Qd2 Nd3 24. Ne2 Nf2+ 25. Kg1 Qxd2 26. Nxd2 Nd3 27. b3 Nb4 28. a4 Bxa1 29. Rxa1 Nc2 30. Ra2 Nb4 31. Ra1 Nd3 32. Kf1 Rb4 33. Nc3 f5 34. g3 fxe4 35. fxe4 Rf8+ 36. Ke2 Rf2+ 37. Kxd3 Rd4+ 38. Ke3 Rfxd2 39. Nb5 R4d3+ 40. Kf4 Rxb3 41. h4 Rf2+ 42. Kg4 h5+ 43. Kg5 Rxg3+ 44. Kh6 Rf7 0-1


[Site "https://www.chess.com"]

[Event "Titled Tuesday Blitz November 29 Late 2022"]
[White "Lopez Perdomo, Juan David"]
[Black "Riff, Vincent"]
[WhiteFideId "4405137"]
[BlackFideId "617776"]
[WhiteElo "1965"]
[BlackElo "2369"]
[Result "0-1"]
[Round "01"]
[TimeControl "180+1"]
[Date "2022.11.30"]
[WhiteClock "0:00:02"]
[BlackClock "0:00:40"]

1. e4 c5 2. d4 cxd4 3. c3 Nf6 4. e5 Nd5 5. Nf3 d6 6. exd6 e6 7. cxd4 Bxd6 8. Be2 Nc6 9. O-O O-O 10. Nc3 Nce7 11. Ne4 Bb8 12. Bg5 f6 13. Bd2 Ng6 14. Bc4 b6 15. Qb3 Bb7 16. Nc3 Kh8 17. Nxd5 Bxd5 18. Bxd5 Qxd5 19. Qxd5 exd5 20. Rfe1 Bd6 21. Rac1 Rac8 22. g3 Kg8 23. a4 Kf7 24. b4 Ne7 25. b5 h5 26. h4 Rc4 27. Rxc4 dxc4 28. Rc1 Rc8 29. Be3 Nd5 30. Nd2 c3 31. Ne4 Ba3 32. Rc2 Bb2 33. Nd6+ Ke6 34. Nxc8 Nb4 35. Re2 Kd5 36. Nxa7 Kc4 37. Nc6 Nd5 38. Kf1 Kd3 39. Ke1 c2 40. a5 bxa5 41. b6 Bc3+ 42. Kf1 Nxb6 43. Nxa5 Bxa5 44. d5 Nxd5 45. Bc1 Bc3 46. Re8 Bd2 0-1


[Site "https://www.chess.com"]

[Event "Titled Tuesday Blitz November 29 Late 2022"]
[White "Luo, Terry"]
[Black "Bortnyk, Olexandr"]
[WhiteFideId "30931045"]
[BlackFideId "14120828"]
[WhiteElo "2528"]
[BlackElo "3053"]
[Result "0-1"]
[Round "01"]
[TimeControl "180+1"]
[Date "2022.11.30"]
[WhiteClock "0:00:36"]
[BlackClock "0:00:29"]

1. d4 d6 2. c4 e5 3. Nf3 e4 4. Nfd2 f5 5. Nc3 g6 6. e3 Bh6 7. b3 Nf6 8. Bb2 O-O 9. Qc2 c6 10. O-O-O d5 11. Be2 Be6 12. Kb1 a5 13. c5 Nbd7 14. Na4 f4 15. Nf1 Qc7 16. Bc1 f3 17. gxf3 exf3 18. Bd3 b5 19. cxb6 Nxb6 20. Nxb6 Qxb6 21. Nd2 Ng4 22. Rdf1 a4 23. h3 axb3 24. axb3 Qa5 25. Bb2 Nf6 26. Qc3 Qb6 27. Kc2 Nd7 28. h4 Bg7 29. h5 g5 30. h6 Bf6 31. e4 c5 32. dxc5 Nxc5 33. e5 d4 34. Qxd4 Rfd8 35. exf6 Bxb3+ 36. Kb1 Rxd4 37. Bxd4 Bc4+ 0-1


[Site "https://www.chess.com"]

[Event "Titled Tuesday Blitz November 29 Late 2022"]
[White "Mahdavi, Reza"]
[Black "Rangel, Daniel"]
[WhiteFideId "12595926"]
[BlackFideId "2124475"]
[WhiteElo "2240"]
[BlackElo "2225"]
[Result "1-0"]
[Round "01"]
[TimeControl "180+1"]
[Date "2022.11.30"]
[WhiteClock "0:01:38"]
[BlackClock "0:00:41"]

1. d4 d5 2. c4 c6 3. Nc3 Nf6 4. e3 e6 5. Nf3 Nbd7 6. Bd3 dxc4 7. Bxc4 b5 8. Bd3 Bb7 9. O-O Bd6 10. Qe2 O-O 11. b3 e5 12. Bb2 Qe7 13. dxe5 Nxe5 14. Bc2 Nxf3+ 15. Qxf3 c5 16. Qh3 a6 17. Nd5 Bxd5 18. Bxf6 g6 19. Bxe7 Bxe7 20. Qd7 Bf6 21. Qxd5 Bxa1 22. Rxa1 Rfd8 23. Qf3 Rac8 24. Be4 Kg7 25. Bd5 Rc7 26. e4 c4 27. bxc4 bxc4 28. Rc1 Rdc8 29. Qc3+ Kg8 30. h4 h5 31. Qf6 Kf8 32. e5 c3 33. e6 c2 34. Rxc2 Rxc2 35. Qxf7# 1-0


[Site "https://www.chess.com"]

[Event "Titled Tuesday Blitz November 29 Late 2022"]
[White "Maksimovic, Bojan"]
[Black "Gajwa Ankit"]
[WhiteFideId "14408120"]
[BlackFideId "5077834"]
[WhiteElo "2447"]
[BlackElo "2145"]
[Result "0-1"]
[Round "01"]
[TimeControl "180+1"]
[Date "2022.11.30"]
[WhiteClock "0:00:01"]
[BlackClock "0:01:43"]

1. e4 c5 2. Nf3 d6 3. d4 cxd4 4. Nxd4 Nf6 5. Nc3 Nc6 6. Bg5 e6 7. Qd2 a6 8. O-O-O Bd7 9. f3 h6 10. Be3 b5 11. Nxc6 Bxc6 12. Ne2 Rc8 13. Kb1 Qc7 14. Nd4 Bb7 15. g4 Nd7 16. Be2 Be7 17. h4 d5 18. exd5 Bxd5 19. g5 h5 20. g6 fxg6 21. Rhg1 Ne5 22. Bf4 Bf6 23. Rxg6 Qf7 24. Rgg1 Nc4 25. Bxc4 Rxc4 26. Be3 O-O 27. Nb3 Rfc8 28. c3 b4 29. cxb4 Bxf3 30. Rc1 Be4+ 31. Ka1 Rc2 32. Qd1 Bxb2+ 33. Kb1 Rd2+ 34. Rc2 Rdxc2 0-1


[Site "https://www.chess.com"]

[Event "Titled Tuesday Blitz November 29 Late 2022"]
[White "Manelyuk, Daniil"]
[Black "Kovacevic, Radmila"]
[WhiteFideId "44173920"]
[BlackFideId "933171"]
[WhiteElo "2209"]
[BlackElo "2208"]
[Result "1-0"]
[Round "01"]
[TimeControl "180+1"]
[Date "2022.11.30"]
[WhiteClock "0:00:32"]
[BlackClock "0:00:08"]

1. e4 e5 2. Nf3 f5 3. Nxe5 Qf6 4. d4 d6 5. Nc4 fxe4 6. Nc3 Qg6 7. Bf4 Nf6 8. Qd2 a6 9. a4 Be7 10. O-O-O O-O 11. Kb1 c6 12. Be2 Rd8 13. f3 Bf5 14. g4 Be6 15. fxe4 b5 16. Nb6 Ra7 17. d5 Bf7 18. dxc6 Nxc6 19. Ncd5 Bf8 20. Nxf6+ Qxf6 21. Bg5 Qe6 22. Nd5 Rb8 23. Qc3 Ne5 24. a5 Rc8 25. Qb3 Nc4 26. Rhf1 Nxa5 27. Qf3 Rc5 28. Bd3 Nc4 29. b3 Ne5 30. Qg3 a5 31. Bf4 a4 32. Bxe5 dxe5 33. b4 Rc4 34. Bxc4 bxc4 35. Qc3 Rb7 36. Ka2 Bxb4 37. Nxb4 Rxb4 38. Rd8+ Be8 39. Qxb4 c3+ 40. Kb1 h5 41. Qb8 Kh7 42. Rxe8 Qc4 43. Rh8+ Kg6 44. Qe8+ Kg5 45. Qxh5# 1-0


[Site "https://www.chess.com"]

[Event "Titled Tuesday Blitz November 29 Late 2022"]
[White "Manukyan, Sargis A."]
[Black "Carlsen, Magnus"]
[WhiteFideId "13303970"]
[BlackFideId "1503014"]
[WhiteElo "2540"]
[BlackElo "3230"]
[Result "0-1"]
[Round "01"]
[TimeControl "180+1"]
[Date "2022.11.30"]
[WhiteClock "0:00:30"]
[BlackClock "0:00:56"]

1. d4 g6 2. c4 Bg7 3. Nc3 c5 4. e3 Nf6 5. Nf3 O-O 6. Be2 cxd4 7. exd4 d5 8. O-O Nc6 9. Be3 a6 10. Rc1 dxc4 11. Bxc4 b5 12. Be2 Bb7 13. a3 Rc8 14. h3 Na5 15. Ne5 Nd7 16. Nxd7 Qxd7 17. b3 Rfd8 18. a4 b4 19. Na2 Rxc1 20. Bxc1 Qd6 21. Bd2 Nc6 22. Bf3 a5 23. Qc1 Nxd4 24. Bd1 Qd5 25. f3 Nxb3 26. Bxb3 Qxb3 27. Bg5 Qxa2 28. Qc7 Qd5 0-1


[Site "https://www.chess.com"]

[Event "Titled Tuesday Blitz November 29 Late 2022"]
[White "Marcolino, Daniel Mattos"]
[Black "Marczuk, Dominik"]
[WhiteFideId "2106841"]
[BlackFideId "1111264"]
[WhiteElo "2114"]
[BlackElo "2153"]
[Result "0-1"]
[Round "01"]
[TimeControl "180+1"]
[Date "2022.11.30"]
[WhiteClock "0:00:39"]
[BlackClock "0:00:57"]

1. d4 Nf6 2. Nf3 g6 3. g3 Bg7 4. Bg2 O-O 5. O-O d6 6. b3 e5 7. dxe5 dxe5 8. Ba3 Re8 9. c4 Nc6 10. Nc3 Bd7 11. e3 Qc8 12. Qc2 Bf5 13. e4 Bg4 14. Nd5 Bxf3 15. Bxf3 Nd4 16. Qd1 Qd7 17. Bb2 c6 18. Nxf6+ Bxf6 19. Bg2 Rad8 20. Bxd4 exd4 21. Qd3 a5 22. f4 a4 23. e5 Be7 24. Rab1 a3 25. b4 Ra8 26. c5 Red8 27. Rb3 f6 28. Rxa3 Rxa3 29. Qxa3 d3 30. Qb3+ Kg7 31. exf6+ Bxf6 32. Rd1 Qd4+ 33. Kh1 d2 34. a4 Re8 35. h4 Re1+ 36. Kh2 Re2 37. Qf3 Rf2 38. Qe4 Qxe4 0-1


[Site "https://www.chess.com"]

[Event "Titled Tuesday Blitz November 29 Late 2022"]
[White "Mathur, Rithwik"]
[Black "Barbot, Pierre"]
[WhiteFideId "30913667"]
[BlackFideId "663727"]
[WhiteElo "2011"]
[BlackElo "2439"]
[Result "1-0"]
[Round "01"]
[TimeControl "180+1"]
[Date "2022.11.30"]
[WhiteClock "0:00:11"]
[BlackClock "0:00:02"]

1. d4 Nf6 2. Nf3 d5 3. c4 e6 4. Nc3 dxc4 5. e4 b5 6. e5 Nd5 7. Nxb5 Nb6 8. Bg5 Be7 9. Bxe7 Qxe7 10. Nc3 O-O 11. Be2 Rd8 12. Qc2 Nc6 13. Rd1 Rb8 14. a3 Na5 15. O-O Nb3 16. Ne4 Ba6 17. Nfg5 f5 18. exf6 gxf6 19. Nxf6+ Qxf6 20. Qxh7+ Kf8 21. Qh4 Ke7 22. Qh7+ Ke8 23. Bh5+ Kf8 24. Ne4 Qg7 25. Qxg7+ Kxg7 26. Nc5 Bc8 27. Nxb3 cxb3 28. Bf3 Nd5 29. Rfe1 Kf6 30. g3 Rd6 31. Be4 Ba6 32. f4 Rbd8 33. Rc1 c6 34. Bxd5 cxd5 35. Rc7 Bc4 36. Rxa7 R8d7 37. Ra8 Rc7 38. Rf8+ Kg7 39. Rb8 Rdc6 40. Rb4 Bd3 41. Rb8 Be4 42. Rxb3 Rc2 43. Rbe3 Rg2+ 44. Kf1 Rcc2 45. R3e2 Bd3 46. Kxg2 Rd2 47. Kg1 Rxe2 48. Rd1 Bc4 49. Rc1 Rxb2 50. a4 Ra2 51. Re1 Kf6 52. g4 Rxa4 53. g5+ Ke7 54. f5 Ra6 55. f6+ Kf7 56. h4 Bd3 57. Kh2 Bg6 58. Kg3 Ra3+ 59. Kg4 Ra2 60. h5 Rg2+ 61. Kf3 1-0


[Site "https://www.chess.com"]

[Event "Titled Tuesday Blitz November 29 Late 2022"]
[White "Mekhitarian, Krikor Sevag"]
[Black "Shapiro, Daniel"]
[WhiteFideId "2107660"]
[BlackFideId "2001780"]
[WhiteElo "2604"]
[BlackElo "2324"]
[Result "1-0"]
[Round "01"]
[TimeControl "180+1"]
[Date "2022.11.30"]
[WhiteClock "0:02:16"]
[BlackClock "0:01:22"]

1. Nf3 Nf6 2. c4 e6 3. Nc3 d5 4. e3 Be7 5. b3 O-O 6. Bb2 c6 7. Qc2 b6 8. Rg1 c5 9. g4 d4 10. exd4 Bb7 11. d5 exd5 12. g5 Ne4 13. Nxd5 Bxd5 14. cxd5 Qxd5 15. Bc4 Qb7 16. Bd3 f5 17. gxf6 Nxf6 18. Ng5 Nc6 19. Bc4+ Kh8 20. Bxf6 1-0


[Site "https://www.chess.com"]

[Event "Titled Tuesday Blitz November 29 Late 2022"]
[White "Melaugh, Shane"]
[Black "Moroni, Luca Jr"]
[WhiteFideId "2509580"]
[BlackFideId "865834"]
[WhiteElo "2025"]
[BlackElo "2573"]
[Result "0-1"]
[Round "01"]
[TimeControl "180+1"]
[Date "2022.11.30"]
[WhiteClock "0:01:55"]
[BlackClock "0:02:32"]

1. c4 d6 2. Nc3 e5 3. g3 g6 4. Bg2 Bg7 5. e4 Nc6 6. Nge2 Nge7 7. d3 O-O 8. h4 h5 9. Be3 Nd4 10. O-O c6 11. b4 a5 12. a3 Kh7 13. Kh2 Be6 14. Rb1 axb4 15. axb4 Qd7 16. b5 f5 17. Bg5 f4 18. Nxd4 exd4 19. Na4 fxg3+ 20. fxg3 Rxf1 21. Bxf1 Bg4 22. Qb3 Rf8 23. Rb2 Rxf1 24. bxc6 bxc6 25. Qb7 Bf3 0-1


[Site "https://www.chess.com"]

[Event "Titled Tuesday Blitz November 29 Late 2022"]
[White "Melikyan, Gnel"]
[Black "Tarnowska, Aleksandra"]
[WhiteFideId "54109990"]
[BlackFideId "1180967"]
[WhiteElo "2138"]
[BlackElo "1776"]
[Result "1-0"]
[Round "01"]
[TimeControl "180+1"]
[Date "2022.11.30"]
[WhiteClock "0:01:12"]
[BlackClock "0:00:05"]

1. d4 d5 2. c4 c6 3. Nc3 Nf6 4. e3 Bf5 5. Qb3 Qb6 6. cxd5 Qxb3 7. axb3 Nxd5 8. Nxd5 cxd5 9. Nf3 e6 10. Bd2 Bd6 11. Bb5+ Nd7 12. Ke2 Ke7 13. Rhc1 a6 14. Bd3 Bxd3+ 15. Kxd3 Rhc8 16. g3 f6 17. e4 dxe4+ 18. Kxe4 Nb6 19. Rxc8 Rxc8 20. Rc1 Rxc1 21. Bxc1 Nd5 22. Bd2 Kd7 23. Kd3 Kc6 24. Ne1 Kb5 25. Nc2 h6 26. Na3+ Kc6 27. Nc4 Bb4 28. Bc1 b5 29. Ne3 Nxe3 30. fxe3 Bd6 31. Bd2 Kb6 32. e4 Be7 33. h4 a5 34. h5 Kc6 35. Bxa5 Bd6 36. g4 Bg3 37. Bb4 Bd6 38. Bxd6 Kxd6 39. Kc3 Kc6 40. Kb4 Kb6 41. d5 exd5 42. exd5 Kc7 43. Kxb5 Kd6 44. Kc4 Ke5 45. Kc5 g6 46. hxg6 f5 47. gxf5 Kf6 48. d6 h5 49. d7 Ke7 50. Kc6 h4 51. Kc7 h3 52. d8=Q# 1-0


[Site "https://www.chess.com"]

[Event "Titled Tuesday Blitz November 29 Late 2022"]
[White "Mgeladze, Tamaz"]
[Black "Quinones Garcia, Santiago"]
[WhiteFideId "13601202"]
[BlackFideId "4408497"]
[WhiteElo "2288"]
[BlackElo "2249"]
[Result "1-0"]
[Round "01"]
[TimeControl "180+1"]
[Date "2022.11.30"]
[WhiteClock "0:00:43"]
[BlackClock "0:00:05"]

1. c4 Nf6 2. Nc3 g6 3. g3 d6 4. Bg2 Bg7 5. Nf3 c6 6. O-O O-O 7. d3 a5 8. a3 e5 9. Rb1 Bf5 10. b4 axb4 11. axb4 Nbd7 12. b5 Rc8 13. bxc6 bxc6 14. Ba3 Qc7 15. Nd2 Rfd8 16. Qa4 Nf8 17. Qc2 d5 18. Bxf8 Bxf8 19. Rb3 Be6 20. Rfb1 Rb8 21. h3 Rxb3 22. Rxb3 Rb8 23. Kh2 Rxb3 24. Qxb3 Bc5 25. e3 Qb6 26. cxd5 cxd5 27. Nxd5 Nxd5 28. Bxd5 Qxb3 29. Bxb3 Bb4 30. Nc4 f6 31. Kg2 Kg7 32. Kf3 Bf5 33. d4 exd4 34. exd4 Bxh3 35. g4 h5 36. gxh5 gxh5 37. d5 Bg4+ 38. Kf4 Bc5 39. f3 Bd7 40. Ne3 Bd6+ 41. Ke4 f5+ 42. Nxf5+ Bxf5+ 43. Kxf5 h4 44. Kg4 Be7 45. Bc4 Kf8 46. Bd3 Ke8 47. Bf5 Kf7 48. Kf4 Bf6 49. Ke4 Ke7 50. Bg4 Kd6 51. Be6 Be7 52. f4 Bf6 53. Kf3 Ke7 54. Kg4 Kd6 55. Kf3 Ke7 56. Bg4 Kd6 57. Ke4 Ke7 58. Kf5 Bd4 59. Kg5 Bc3 60. Kxh4 Kd6 61. Be6 Bd2 62. Kg4 Ke7 63. Kf5 Kd6 64. Kg5 Ke7 65. Kg4 Bc3 66. f5 Bf6 67. Kh5 Bc3 68. Kg6 Bd4 69. Kh7 Bc3 70. Kg8 Bf6 71. Kh7 Be5 72. Kg6 Bf6 73. d6+ Kxd6 74. Kxf6 1-0


[Site "https://www.chess.com"]

[Event "Titled Tuesday Blitz November 29 Late 2022"]
[White "Mickiewicz, Piotr"]
[Black "Donchenko, Alexander"]
[WhiteFideId "1114891"]
[BlackFideId "24603295"]
[WhiteElo "2246"]
[BlackElo "2572"]
[Result "0-1"]
[Round "01"]
[TimeControl "180+1"]
[Date "2022.11.30"]
[WhiteClock "0:00:09"]
[BlackClock "0:01:36"]

1. e4 c6 2. d4 d5 3. Nc3 dxe4 4. Nxe4 Nf6 5. Nxf6+ exf6 6. c3 Bd6 7. Bd3 O-O 8. Ne2 Re8 9. Qc2 h5 10. h3 h4 11. O-O Nd7 12. Be3 Nf8 13. c4 Bc7 14. c5 Be6 15. Nc3 Qd7 16. Be4 f5 17. Bf3 f4 18. Bd2 Qxd4 19. Ne2 Qc4 20. Qxc4 Bxc4 21. Rfe1 g5 22. Bc3 Nd7 23. Nd4 Be5 24. b4 a5 25. a3 Kf8 26. b5 Bd5 27. Bxd5 cxd5 28. c6 bxc6 29. bxc6 Nc5 30. Rxe5 Rxe5 31. Nb5 Re2 32. c7 Rc8 33. Bxa5 Ne6 34. Nd6 Rxc7 35. Bxc7 Nxc7 36. Rc1 Ne6 37. Nf5 Ke8 38. a4 Ra2 39. Rb1 Rxa4 40. Rb7 Ra6 41. f3 d4 42. Kf1 d3 43. Ke1 Ra2 44. Nd6+ Kf8 45. Rxf7+ Kg8 46. Rd7 Nc5 47. Rd8+ Kh7 48. Ne4 Nxe4 49. fxe4 Rxg2 50. Rxd3 Rg3 51. Rd5 Kg6 52. Kf2 Rxh3 53. Rd6+ Kh5 54. e5 Re3 0-1


[Site "https://www.chess.com"]

[Event "Titled Tuesday Blitz November 29 Late 2022"]
[White "Mladenovic, Stefan"]
[Black "Freile Martin, Javier"]
[WhiteFideId "942227"]
[BlackFideId "3600165"]
[WhiteElo "2337"]
[BlackElo "2300"]
[Result "0-1"]
[Round "01"]
[TimeControl "180+1"]
[Date "2022.11.30"]
[WhiteClock "0:00:30"]
[BlackClock "0:00:34"]

1. d4 Nf6 2. Nf3 g6 3. Bf4 Bg7 4. e3 d6 5. Be2 O-O 6. O-O Nbd7 7. h3 b6 8. c4 Bb7 9. a4 a5 10. Nc3 Ne4 11. Nb5 c6 12. Na3 e5 13. Bh2 exd4 14. Nxd4 Ndc5 15. Bf3 Re8 16. Nac2 d5 17. cxd5 Qxd5 18. b4 axb4 19. Nxb4 Qc4 20. Nbxc6 Nc3 21. Qc2 Bxd4 22. Nxd4 Bxf3 23. gxf3 N5xa4 24. Rfc1 b5 25. Kg2 Qd5 26. Qb3 Qg5+ 27. Bg3 h5 28. h4 Qf6 29. Nxb5 Ne2 30. Re1 Nxg3 31. Rxa4 Rxa4 32. Qxa4 Nf5 33. Rh1 Qc6 34. Nd4 Qxa4 35. Ne2 Qc2 36. Re1 Nxe3+ 37. fxe3 Rxe3 38. Kf2 Qd2 39. Kf1 Rxf3+ 40. Kg2 Re3 41. Kf2 Rxe2+ 42. Rxe2 Qxe2+ 43. Kxe2 Kg7 44. Kf3 Kf6 45. Kf4 Ke6 46. Ke4 f6 47. Kf4 Kd5 48. Kf3 Ke5 49. Ke3 Kf5 50. Kf3 g5 51. hxg5 fxg5 52. Kg3 Ke4 53. Kh3 Kf3 54. Kh2 Kf2 55. Kh1 g4 56. Kh2 g3+ 57. Kh3 g2 0-1


[Site "https://www.chess.com"]

[Event "Titled Tuesday Blitz November 29 Late 2022"]
[White "Nakamura, Hikaru"]
[Black "Ilkhomi, Jaloliddin"]
[WhiteFideId "2016192"]
[BlackFideId "14700948"]
[WhiteElo "3133"]
[BlackElo "2533"]
[Result "1-0"]
[Round "01"]
[TimeControl "180+1"]
[Date "2022.11.30"]
[WhiteClock "0:01:09"]
[BlackClock "0:00:16"]

1. Nf3 Nf6 2. g3 d5 3. Bg2 c6 4. d3 Bg4 5. Nbd2 Nbd7 6. h3 Bh5 7. g4 Bg6 8. Nh4 e5 9. e3 Bd6 10. a3 Qe7 11. b4 a5 12. b5 O-O 13. bxc6 bxc6 14. O-O e4 15. Bb2 exd3 16. Nxg6 hxg6 17. cxd3 Be5 18. d4 Bd6 19. Qc2 Rfc8 20. Rfc1 Rab8 21. a4 c5 22. g5 Ne4 23. Nxe4 dxe4 24. Ba3 Rc7 25. h4 c4 26. Bxd6 Qxd6 27. Qxe4 Nb6 28. Rab1 Re7 29. Qc2 Rc7 30. Qc3 Ra7 31. Rb5 Nxa4 32. Rxb8+ Qxb8 33. Qxc4 Nb6 34. Qb5 Nd7 35. Qxb8+ Nxb8 36. Rc8+ Kh7 37. Rxb8 a4 38. Bd5 a3 39. Ba2 Rc7 40. Ra8 Rc1+ 41. Kg2 Rc3 42. Bxf7 a2 43. Bg8+ Kh8 44. Bxa2+ Kh7 45. h5 Rc1 46. Bg8+ Kh8 47. Bf7+ Kh7 48. Bxg6# 1-0


[Site "https://www.chess.com"]

[Event "Titled Tuesday Blitz November 29 Late 2022"]
[White "Necromon"]
[Black "Shimanov, Aleksandr"]
[BlackFideId "4198603"]
[WhiteElo "2475"]
[BlackElo "2605"]
[Result "0-1"]
[Round "01"]
[TimeControl "180+1"]
[Date "2022.11.30"]
[WhiteClock "0:01:29"]
[BlackClock "0:01:47"]

1. Nf3 Nf6 2. g3 Nc6 3. Bg2 e5 4. d3 d5 5. c4 dxc4 6. Qa4 Bd6 7. Qxc4 O-O 8. O-O Be6 9. Qa4 h6 10. Nc3 a6 11. Bd2 Bd7 12. a3 Nd4 13. Qd1 Bc6 14. Nxd4 exd4 15. Ne4 Nxe4 16. dxe4 Re8 17. Qc2 Qe7 18. e5 Qxe5 19. Bxc6 bxc6 20. Qxc6 Qxe2 21. Rae1 Qb5 22. Qxb5 axb5 23. Kg2 c5 24. Kf3 c4 25. Re4 d3 26. Rfe1 Kf8 27. Bc3 Rxe4 28. Rxe4 f6 29. Re6 Rd8 30. Ke4 Kf7 0-1


[Site "https://www.chess.com"]

[Event "Titled Tuesday Blitz November 29 Late 2022"]
[White "Nepo"]
[Black "Arngrimsson, Dagur"]
[BlackFideId "2301288"]
[WhiteElo "2174"]
[BlackElo "2286"]
[Result "1-0"]
[Round "01"]
[TimeControl "180+1"]
[Date "2022.11.30"]
[WhiteClock "0:00:27"]
[BlackClock "0:00:11"]

1. e4 c5 2. Nf3 d6 3. d4 cxd4 4. Nxd4 Nf6 5. Nc3 g6 6. Be3 Bg7 7. f3 O-O 8. Qd2 Nc6 9. O-O-O d5 10. Qe1 Nxd4 11. Bxd4 Be6 12. exd5 Bd7 13. Ne4 Rc8 14. Nxf6+ exf6 15. Qb4 Bf5 16. Bc3 a5 17. Qa4 Rxc3 18. bxc3 Qb6 19. Qb3 Qe3+ 20. Kb1 a4 21. Qb2 Rc8 22. Bd3 Bd7 23. Rhe1 Qc5 24. Qb4 Qc7 25. Re7 Bf8 26. d6 Bxe7 27. dxc7 Bxb4 28. cxb4 Rxc7 29. Re1 Be6 30. a3 h5 31. Re4 Kf8 32. Rd4 Bd7 33. c4 Be8 34. c5 Re7 35. Re4 Rd7 36. Kc2 Rc7 37. Kd2 b6 38. Rc4 Bb5 39. Rc3 Rd7 40. cxb6 Rd6 41. Ke3 Bxd3 42. Rxd3 Rxb6 43. Rd8+ Ke7 44. Ra8 Re6+ 45. Kf2 Rc6 46. Rxa4 Rc2+ 47. Kg3 g5 48. h4 Ke6 49. hxg5 fxg5 50. Ra6+ Kf5 51. Ra5+ Kg6 52. b5 f5 53. Ra6+ Kf7 54. Ra7+ Kg6 55. Ra6+ Kf7 56. Rc6 Rb2 57. b6 f4+ 58. Kh3 Rb1 59. g4 Rh1+ 60. Kg2 Rb1 61. gxh5 Kg7 62. Rc7+ Kh6 63. b7 Rb2+ 64. Kh3 Rf2 65. Kg4 Rb2 66. a4 Rb1 67. a5 Rg1+ 68. Kf5 Rb1 69. a6 Rb5+ 70. Kg4 Rb1 71. a7 Rg1+ 72. Kf5 Rd1 73. b8=Q Rd5+ 74. Kg4 Rd6 75. Qh8# 1-0


[Site "https://www.chess.com"]

[Event "Titled Tuesday Blitz November 29 Late 2022"]
[White "Novikova, Galina"]
[Black "Domingo Nunez, Alejandro"]
[WhiteFideId "4157095"]
[BlackFideId "22245561"]
[WhiteElo "1973"]
[BlackElo "2242"]
[Result "1-0"]
[Round "01"]
[TimeControl "180+1"]
[Date "2022.11.30"]
[WhiteClock "0:00:37"]
[BlackClock "0:00:06"]

1. e4 g6 2. d4 Bg7 3. Nc3 c6 4. Be3 d5 5. e5 f6 6. f4 Nh6 7. h3 O-O 8. Qd2 Nf5 9. Bf2 fxe5 10. dxe5 e6 11. Nf3 Nd7 12. g4 Ne7 13. O-O-O Qa5 14. h4 b5 15. Kb1 b4 16. Ne2 Nc5 17. Ng3 Ne4 18. Nxe4 dxe4 19. Ng5 Nd5 20. Nxe4 Rxf4 21. Nf6+ Bxf6 22. exf6 Rxf6 23. Bc4 Ba6 24. Bxd5 cxd5 25. Bd4 Rf7 26. h5 gxh5 27. Rxh5 Rc8 28. Qh6 Rf2 29. Rg5+ Kf7 30. Rg7+ Ke8 31. Qxe6+ Kd8 32. Qd7# 1-0


[Site "https://www.chess.com"]

[Event "Titled Tuesday Blitz November 29 Late 2022"]
[White "Nugumanov, Bakhtiyar"]
[Black "Risteski, Emil"]
[WhiteFideId "13701797"]
[BlackFideId "15005267"]
[WhiteElo "2287"]
[BlackElo "2251"]
[Result "0-1"]
[Round "01"]
[TimeControl "180+1"]
[Date "2022.11.30"]
[WhiteClock "0:00:03"]
[BlackClock "0:00:11"]

1. e4 d6 2. d4 Nf6 3. Nc3 e5 4. Nf3 Nbd7 5. g4 d5 6. exd5 Nxg4 7. Rg1 exd4 8. Nxd4 h5 9. h3 Ngf6 10. Nf5 Ne5 11. Nxg7+ Bxg7 12. Rxg7 Qe7 13. Be3 Ng6 14. Qd4 Kf8 15. Rxg6 fxg6 16. O-O-O Kg7 17. Bg5 Bf5 18. d6 Qxd6 19. Nd5 Rhf8 20. Nxf6 Qxd4 21. Rxd4 Rxf6 22. Bxf6+ Kxf6 23. h4 Re8 24. Kd2 Ke5 25. Ra4 a6 26. Bg2 c6 27. Rb4 Re7 28. Rb3 Rd7+ 29. Ke2 Bxc2 30. Re3+ Kf6 31. Rf3+ Ke5 32. Re3+ Kf6 33. Rf3+ Bf5 34. Rb3 Re7+ 35. Kd2 Bc8 36. Rf3+ Kg7 37. Rb3 Rc7 38. Rd3 Bf5 39. Rd8 c5 40. Kc3 b5 41. Ra8 b4+ 42. Kc4 Be6+ 43. Bd5 Bxd5+ 44. Kxd5 c4 45. Re8 c3 46. bxc3 bxc3 47. Re1 c2 48. Rc1 Kf6 49. Ke4 Rc8 50. Kd3 Kf5 51. Kd2 Kg4 52. Rg1+ Kxh4 53. Kc1 g5 54. Rh1+ Kg4 55. Rg1+ Kf5 56. Rg3 g4 57. Ra3 Rc6 58. Ra5+ Kg6 59. a4 h4 60. Rd5 h3 61. Rd8 Rc7 62. Rd6+ Kg5 63. Rd8 Rh7 64. Re8 h2 0-1


[Site "https://www.chess.com"]